 Dungeon Crawl Stone Soup version 0.27-a0-1456-gf5a116941d (webtiles) character file.

Game seed: 12398517836903969343

77 mandarbmax the Shield-Bearer (level 4, -4/35 HPs)
             Began as a Formicid Fighter on July 6, 2021.
             Killed from afar by Jessica (13 damage)
             ... with a puff of flame
             ... on level 2 of the Dungeon.
             The game lasted 00:02:23 (2435 turns).

mandarbmax the Shield-Bearer (Formicid Fighter)     Turns: 2435, Time: 00:02:24

Health: -4/35      AC: 10    Str: 20    XL:     4   Next: 60%
Magic:  4/4        EV:  6    Int:  8    God:
Gold:   147        SH:  9    Dex: 11    Spells: 3/3 levels left

rFire    . . .     SeeInvis +   a - +0 quarterstaff
rCold    . . .     Faith    .   c - +0 kite shield
rNeg     . . .     Spirit   .   b - +0 chain mail
rPois    .         Reflect  .   (helmet unavailable)
rElec    .         Harm     .   d - +0 cloak
rCorr    .         Rampage  .   (no gloves)
Will     .....                  (no boots)
Stlth    ..........             (no amulet)
HPRegen  0.11/turn              (no ring)
MPRegen  0.09/turn              (no ring)

@: no status effects
A: permanent stasis, dig shafts and tunnels, antennae 3, four strong arms
a: Dig, Shaft Self


You were on level 2 of the Dungeon.
You visited 1 branch of the dungeon, and saw 2 of its levels.

You collected 147 gold pieces.

Inventory:

Hand Weapons
 a - a +0 quarterstaff (weapon)
Armour
 b - a +0 chain mail (worn)
 c - a +0 kite shield (worn)
 d - a +0 cloak (worn)
Jewellery
 g - an amulet of guardian spirit
Scrolls
 e - 2 scrolls of teleportation {unknown}
 f - a scroll of fog {unknown}
Potions
 h - a potion of curing {unknown}
 i - a potion of attraction {unknown}


   Skills:
 - Level 3.2 Fighting
 * Level 3.8 Staves
 - Level 3.2 Armour
 + Level 4.5 Shields


You had 3 spell levels left.
You didn't know any spells.
Your spell library contained the following spells:

 Spells                   Type           Power      Damage    Failure   Level
 Animate Skeleton         Necr           0%         N/A       100%        1
 Pain                     Necr           0%         1d4       100%        1
 Vampiric Draining        Necr           0%         2d6       100%        3


Dungeon Overview and Level Annotations

Branches:
Dungeon (2/15)

Altars:

Annotations:
D:2 Jessica


Innate Abilities, Weirdness & Mutations

You cannot be hasted, slowed, berserked, paralysed or teleported.
You can dig through walls and to a lower floor.
You have a pair of large antennae on your head. (SInv)
Your four strong arms can wield two-handed weapons with a shield.


Message History

No target in view!
No target in view!
No target in view!
No target in view!
No target in view!
No target in view!
No target in view!
No target in view!
No target in view!
You see here a rat corpse.
Found a stone staircase leading up.
You now have 147 gold pieces (gained 18).
There is a stone staircase leading up here.
Key pressed, stopping explore.
Key pressed, stopping explore.
Jessica the Apprentice Sorceress comes into view.
She is wielding a +0 dagger and carrying a wand of flame (17).
Jessica shouts!
Jessica zaps a wand.
The puff of flame hits you.
You start resting.
HP restored.
Your chain mail prevents you from hitting Jessica.
Jessica gestures wildly while chanting.
Jessica blinks!
Jessica points at you and mumbles some strange words.
Pain shoots through your body!
You closely miss Jessica. Jessica hits you but does no damage.
You barely miss Jessica. Jessica hits you with a +0 dagger.
You closely miss Jessica. Jessica casts a spell at you.
Pain shoots through your body!
* * * LOW HITPOINT WARNING * * *
You are too injured to fight recklessly!
You are too injured to fight recklessly!
Jessica zaps a wand.
The puff of flame hits you.
* * * LOW HITPOINT WARNING * * *
Unknown command.
Jessica zaps a wand.
The puff of flame hits you but does no damage.
Jessica zaps a wand.
The puff of flame hits you!
You die...

#......# ##############.
#.#################......# #.
#.#......................# #.
#.#.#.............#.###..# #.
#.#.#...............# #..#######.
#.#.....).........#####..#<......
#.###.####.###......#....#.###...
...........# #....#.#............
...........#
#รท.@.#.#....#.#.....
...........# #....#.####.#.######
...........###....#......#.......
............@..########..#######.
.)........#############........#.
..........# #.........######.#.
..........# #.........##.....#.
..........# #.........##.#####.
..........# #.........##.##....


You could see Jessica.

Vanquished Creatures
  Terence (D:2)
  An adder (D:2)
  4 bats
  5 endoplasms
  3 giant cockroaches
  4 goblins (D:1)
  6 hobgoblins (D:1)
  2 quokkas
  5 ball pythons
  3 frilled lizards
  4 kobolds
  4 rats
42 creatures vanquished.

Notes
Turn   | Place    | Note
-------+----------+-------------------------------------------
     0 | D:1      | mandarbmax the Formicid Fighter began the quest for the
                  | Orb.
     0 | D:1      | Reached XP level 1. HP: 18/18 MP: 1/1
   109 | D:1      | Reached XP level 2. HP: 9/24 MP: 2/2
   497 | D:1      | Reached skill level 4 in Shields
   687 | D:1      | Reached XP level 3. HP: 27/29 MP: 3/3
  1208 | D:2      | Noticed Terence
  1394 | D:2      | Killed Terence
  1395 | D:2      | Reached XP level 4. HP: 12/35 MP: 4/4
  2415 | D:2      | Noticed Jessica
  2435 | D:2      | Killed from afar by Jessica

Illustrated notes

Levels and vault maps discovered:
D:1:      minmay_arrival_radiant_lines, layout_basic, patterned_corridor
D:2:      layout_basic, uniq_terence, uniq_jessica

Skill      XL: |  1  2  3 |
---------------+----------+-----
Shields        | 4 |  4.5
Staves         | 3 |  3.8
Fighting       | |  3.2
Armour         | |  3.2

Action                   |  1- 3 |  4- 6 || total
-------------------------+-------+-------++-------
Melee: Quarterstaff      |   119 |    38 ||   157
  Use: Potion            |     1 |       ||     1
Armor: Scale mail        |    20 |       ||    20
       Chain mail        |    64 |    20 ||    84
Dodge: Dodged            |    38 |     5 ||    43
Block: Kite shield       |    67 |    20 ||    87

Table legend: (Time is in decaauts)
 A = Elapsed time spent in this place.
 B = Non-inter-level travel time spent in this place.
 C = Inter-level travel time spent in this place.
 D = Time resting spent in this place.
 E = Time spent auto-exploring this place.
 F = Levels seen in this place.
 G = Mean time per level.
                   A        B        C        D        E       F      G
               +--------+--------+--------+--------+--------+-----+--------+
         Total |   2484 |   2446 |     38 |    503 |   1524 |   2 | 1242.0 |
       Dungeon |   2484 |   2446 |     38 |    503 |   1524 |   2 | 1242.0 |
               +--------+--------+--------+--------+--------+-----+--------+

Top non-repeatable levels by time:
     D:1: 1374 daAuts
     D:2: 1110 daAuts
